[Event "Titled Tuesday Blitz November 16 2021"]
[White "Ahmadzada, Ahmad"]
[Black "Kubicka, Anna"]
[WhiteFideId "13413007"]
[BlackFideId "1152254"]
[WhiteElo "2226"]
[BlackElo "1903"]
[Result "1-0"]
[Round "01"]
[TimeControl "180+1"]
[Date "2021.11.16"]
[WhiteClock "0:02:19"]
[BlackClock "0:00:59"]

1. e4 c5 2. Nf3 d6 3. Nc3 Nf6 4. Bc4 e6 5. d3 Be7 6. O-O O-O 7. Re1 Nbd7 8. a4 b6 9. h3 Bb7 10. Bf4 d5 11. Ba2 Re8 12. Nb5 e5 13. Nxe5 Nxe5 14. Bxe5 Bf8 15. Bxf6 Qxf6 16. Nc7 Qxb2 17. Nxe8 Rxe8 18. Bxd5 Bxd5 19. exd5 Rxe1+ 20. Qxe1 Qd4 21. c4 Qxd3 22. Rd1 Qf5 23. Qe8 Qc2 24. Re1 Qd2 25. g3 g6 26. Re7 1-0


[Site "https://www.chess.com"]

[Event "Titled Tuesday Blitz November 16 2021"]
[White "Atanasov, Anthony"]
[Black "Demchenko, Anton"]
[WhiteFideId "2623897"]
[BlackFideId "4160258"]
[WhiteElo "1928"]
[BlackElo "2583"]
[Result "0-1"]
[Round "01"]
[TimeControl "180+1"]
[Date "2021.11.16"]
[WhiteClock "0:00:01"]
[BlackClock "0:00:06"]

1. d4 Nf6 2. Nf3 d6 3. Bf4 g6 4. e3 Bg7 5. Be2 O-O 6. O-O Nc6 7. h3 e5 8. dxe5 Ne4 9. Nbd2 dxe5 10. Bh2 Nd6 11. Nc4 Qe7 12. Nxd6 cxd6 13. e4 Be6 14. c3 Rad8 15. Qa4 d5 16. exd5 Bxd5 17. Rad1 h6 18. Rfe1 Qe6 19. Nd2 Qf5 20. Bc4 a6 21. Bxd5 Rxd5 22. Ne4 Rfd8 23. Rxd5 Rxd5 24. Qb3 Qd7 25. Bg3 Kh7 26. Bh4 g5 27. c4 Rd4 28. Qc2 f5 29. Nc5 Qf7 30. Bg3 Rxc4 31. Qb3 Nd4 32. Qxb7 Qxb7 33. Nxb7 f4 34. Bh2 Rb4 35. Nc5 Rxb2 36. Nxa6 Rxa2 37. Nb4 Rd2 38. Kf1 Kg6 39. f3 Bf8 40. Nd5 Kf5 41. Nc3 Nc2 42. Ne4 Rd7 43. Rc1 Ne3+ 44. Kg1 Be7 45. g4+ Kg6 46. Rc6+ Kg7 47. Rc1 Ra7 48. Kh1 Ra2 49. Bg1 Nc2 50. Rd1 Kf7 51. Rd7 Ke6 52. Rc7 Nb4 53. Rxe7+ Kxe7 54. Bc5+ Ke6 55. Bxb4 Rb2 56. Bd2 Kd5 57. Kg2 Kd4 58. Kf1 Kd3 59. Be1 Rb1 60. Nf2+ Kd4 61. Ke2 Rb2+ 62. Bd2 Ra2 63. Ne4 Rb2 64. Nf2 Rb1 65. Ne4 Rb3 66. Nf6 Rb1 67. Ne4 Rh1 68. Nf2 Ra1 69. Ne4 Ra2 70. Nf6 Ra6 71. Ne4 Rc6 72. Kf2 Kd3 73. Be1 Rc2+ 74. Kf1 Ke3 75. Bf2+ Kxf3 76. Nd6 Rxf2+ 0-1


[Site "https://www.chess.com"]

[Event "Titled Tuesday Blitz November 16 2021"]
[White "Babazada, Khazar"]
[Black "Abdulov, Orkhan"]
[WhiteFideId "13413554"]
[BlackFideId "13402714"]
[WhiteElo "2302"]
[BlackElo "2250"]
[Result "1-0"]
[Round "01"]
[TimeControl "180+1"]
[Date "2021.11.16"]
[WhiteClock "0:00:56"]
[BlackClock "0:00:08"]

1. e4 c5 2. Nf3 Nc6 3. d4 cxd4 4. Nxd4 Nf6 5. Nc3 e5 6. Ndb5 d6 7. Bg5 a6 8. Na3 b5 9. Nd5 Be7 10. Bxf6 Bxf6 11. c3 Ne7 12. Nxf6+ gxf6 13. Nc2 Bb7 14. Bd3 d5 15. Qe2 f5 16. O-O-O Qb6 17. f3 fxe4 18. fxe4 d4 19. Qh5 Ng6 20. cxd4 exd4 21. e5 O-O-O 22. Rhf1 Qc7 23. Rfe1 Kb8 24. Kb1 Nf4 25. Qf5 Nxg2 26. Re2 Ne3 27. Nxe3 dxe3 28. Rxe3 Rd4 29. Rc1 Qb6 30. Bc2 Bd5 31. e6 Qc7 32. Qf6 Bxa2+ 33. Kxa2 Rc8 34. Qxd4 1-0


[Site "https://www.chess.com"]

[Event "Titled Tuesday Blitz November 16 2021"]
[White "Baches Garcia, Guillermo"]
[Black "Xiong, Jeffery"]
[WhiteFideId "2209764"]
[BlackFideId "2047640"]
[WhiteElo "2503"]
[BlackElo "2699"]
[Result "0-1"]
[Round "01"]
[TimeControl "180+1"]
[Date "2021.11.16"]
[WhiteClock "0:00:02"]
[BlackClock "0:00:19"]

1. e4 c6 2. Nc3 g6 3. d4 Bg7 4. f4 d5 5. e5 h5 6. Be3 Nh6 7. Nf3 Bg4 8. Be2 Nf5 9. Bf2 e6 10. O-O Nd7 11. h3 Bxf3 12. Bxf3 h4 13. Qd3 Qe7 14. Nd1 Bh6 15. Qd2 c5 16. c3 Rc8 17. Bg4 Ng3 18. Bxg3 hxg3 19. Ne3 Rc6 20. Rad1 cxd4 21. cxd4 O-O 22. Qe1 Rb6 23. Qxg3 Rxb2 24. h4 Rc8 25. h5 Rc3 26. Rf3 Qe8 27. hxg6 fxg6 28. Nxd5 Rxf3 29. Bxf3 exd5 30. Bxd5+ Kh7 31. f5 gxf5 32. Rf1 Qg6 33. Qh3 Qg5 34. Rxf5 Qe3+ 35. Qxe3 Bxe3+ 36. Kh2 Kg6 37. Rf7 Nb6 38. Rf6+ Kg5 39. Bxb7 Bxd4 40. Re6 Nc4 41. Bf3 Nxe5 42. Be4 Rxa2 43. Kh3 Kf4 44. Bb7 Ra3+ 45. Kh4 Rb3 46. g3+ Kf5 47. Bc8 Rb8 48. Re8+ Kf6 49. g4 Kf7 50. Rh8 Ng6+ 0-1


[Site "https://www.chess.com"]

[Event "Titled Tuesday Blitz November 16 2021"]
[White "Belenkaya, Dina"]
[Black "Tabatabaei, M. Amin"]
[WhiteFideId "24142654"]
[BlackFideId "12521213"]
[WhiteElo "2196"]
[BlackElo "2555"]
[Result "0-1"]
[Round "01"]
[TimeControl "180+1"]
[Date "2021.11.16"]
[WhiteClock "0:00:11"]
[BlackClock "0:01:57"]

1. e4 c5 2. Nc3 Nc6 3. g3 g6 4. Bg2 Bg7 5. Nge2 Rb8 6. d3 b5 7. O-O e6 8. Bf4 d6 9. Qd2 h6 10. h4 Nf6 11. d4 b4 12. Na4 cxd4 13. e5 Nxe5 14. Nxd4 Bd7 15. Bxe5 dxe5 16. Nc6 Bxc6 17. Bxc6+ Kf8 18. Qe3 Qc7 19. Bg2 Kg8 20. c4 bxc3 21. Nxc3 Rxb2 22. Rac1 Qb6 23. Qxe5 Rxf2 24. Na4 Rxf1+ 25. Kxf1 Qa6+ 26. Kg1 Qxa4 27. Rc7 Qd1+ 28. Bf1 Ng4 29. Qf4 Qd4+ 30. Qxd4 Bxd4+ 0-1


[Site "https://www.chess.com"]

[Event "Titled Tuesday Blitz November 16 2021"]
[White "Drygalov, Andrey"]
[Black "Migot, Tangi"]
[WhiteFideId "24171735"]
[BlackFideId "662445"]
[WhiteElo "2540"]
[BlackElo "2468"]
[Result "1-0"]
[Round "01"]
[TimeControl "180+1"]
[Date "2021.11.16"]
[WhiteClock "0:01:22"]
[BlackClock "0:00:09"]

1. e4 c5 2. Nf3 Nc6 3. Bb5 e6 4. Bxc6 bxc6 5. d3 Ne7 6. Qe2 Ng6 7. h4 h5 8. e5 Be7 9. Nbd2 Bxh4 10. Nxh4 Nxh4 11. g3 Ng6 12. Rxh5 Rxh5 13. Qxh5 d5 14. exd6 Qxd6 15. Ne4 Qd5 16. Qxd5 exd5 17. Nxc5 Bg4 18. Be3 Ke7 19. Kd2 Ne5 20. Kc3 Nf3 21. Rh1 Kd6 22. Rh7 Rg8 23. d4 Bf5 24. Rh1 Bg6 25. Bf4+ Ke7 26. g4 Re8 27. Rh3 Be4 28. b4 Kd8 29. a4 Kc8 30. b5 g5 31. Be3 Kc7 32. Nxe4 dxe4 33. Rh7 cxb5 34. axb5 Re7 35. Kb4 Rd7 36. c4 Nxd4 37. Bxd4 Rxd4 38. Rxf7+ Kb8 39. Re7 Rd2 40. Rxe4 Rxf2 41. Re5 Rb2+ 42. Kc5 a6 43. Rxg5 axb5 44. cxb5 Rc2+ 45. Kb6 Kc8 46. Rg8+ Kd7 47. Kb7 Rc7+ 48. Kb6 Rc5 49. Kxc5 1-0


[Site "https://www.chess.com"]

[Event "Titled Tuesday Blitz November 16 2021"]
[White "Durarbayli, Vasif"]
[Black "Filippova, Margarita"]
[WhiteFideId "13402935"]
[BlackFideId "34199680"]
[WhiteElo "2522"]
[BlackElo "1793"]
[Result "1-0"]
[Round "01"]
[TimeControl "180+1"]
[Date "2021.11.16"]
[WhiteClock "0:00:37"]
[BlackClock "0:01:08"]

1. e4 e5 2. Nc3 Nc6 3. f4 exf4 4. d4 Bb4 5. Nf3 d5 6. exd5 Qxd5 7. Bd3 Bg4 8. O-O Bxc3 9. bxc3 O-O-O 10. Bxf4 Nf6 11. Rb1 Kb8 12. Rb5 Qxa2 13. h3 Bh5 14. Qe1 Bg6 15. Qg3 Rc8 16. Rfb1 b6 17. Rxb6+ axb6 18. Rxb6+ Ka7 19. Rxc6 Bxd3 20. cxd3 Qb1+ 21. Kh2 Qxd3 22. Bxc7 Nd5 23. Qd6 Rxc7 24. Rxc7+ Nxc7 25. Qxc7+ Ka6 26. Ne5 Qb5 27. Nd7 Qa5 28. Nc5+ Kb5 29. Qb7+ Kc4 30. Qb3# 1-0


[Site "https://www.chess.com"]

[Event "Titled Tuesday Blitz November 16 2021"]
[White "Estrada Nieto, Julian"]
[Black "Zherebukh, Yaroslav"]
[WhiteFideId "5101018"]
[BlackFideId "14116804"]
[WhiteElo "2270"]
[BlackElo "2520"]
[Result "0-1"]
[Round "01"]
[TimeControl "180+1"]
[Date "2021.11.16"]
[WhiteClock "0:00:01"]
[BlackClock "0:00:07"]

1. e4 c5 2. Nf3 d6 3. d4 cxd4 4. Qxd4 a6 5. Bc4 Nc6 6. Qd3 g6 7. Nc3 Bg7 8. Bb3 Nf6 9. h3 O-O 10. O-O b5 11. Bg5 Bb7 12. Qe3 Nd7 13. Bh6 Qb6 14. Qd2 Nde5 15. Nxe5 dxe5 16. Bxg7 Kxg7 17. a4 b4 18. Nd5 Qc5 19. c3 bxc3 20. bxc3 e6 21. Ne3 Rfd8 22. Qc1 Na5 23. Ng4 Qe7 24. Qh6+ Kh8 25. Bc2 f6 26. Rab1 Qg7 27. Rb6 Qxh6 28. Nxh6 Kg7 29. Ng4 h5 30. Ne3 Kf7 31. Rfb1 Rd7 32. Nc4 Nxc4 33. Rxb7 Rd8 34. Bd3 Nd6 35. Rxd7+ Rxd7 36. Bxa6 Nxe4 37. Rb7 Rxb7 38. Bxb7 Nxc3 39. a5 Nb5 40. Kf1 Ke7 41. Bc6 Na7 42. Bb7 Kd6 43. Ke2 Kc5 44. Ke3 g5 45. a6 Nb5 46. Bf3 h4 47. Bg4 Kb6 48. Bxe6 Nd6 49. Bd5 Kxa6 50. Kf3 Kb6 51. Kg4 Kc5 52. Be6 Kd4 53. g3 hxg3 54. Kxg3 e4 55. Kg4 Ke5 56. Bd7 Nc4 57. h4 gxh4 58. Kxh4 Kf4 59. Kh5 Ne5 60. Be6 Nd3 61. Kg6 Ke5 62. Bc4 Nxf2 63. Bf1 f5 64. Kh5 Kf4 0-1


[Site "https://www.chess.com"]

[Event "Titled Tuesday Blitz November 16 2021"]
[White "Eynullayev, Atilla"]
[Black "Terry, Renato"]
[WhiteFideId "13413570"]
[BlackFideId "3803457"]
[WhiteElo "1997"]
[BlackElo "2577"]
[Result "0-1"]
[Round "01"]
[TimeControl "180+1"]
[Date "2021.11.16"]
[WhiteClock "0:00:13"]
[BlackClock "0:00:07"]

1. Nf3 Nf6 2. g3 d5 3. Bg2 c6 4. O-O Bg4 5. h3 Bh5 6. d4 Nbd7 7. c4 e6 8. cxd5 exd5 9. Nc3 Be7 10. Nh4 O-O 11. Nf5 Bb4 12. Qb3 Bxc3 13. bxc3 Bxe2 14. Re1 Ba6 15. Ba3 Re8 16. Nd6 Rxe1+ 17. Rxe1 Nb6 18. g4 Qd7 19. Nf5 Re8 20. Rxe8+ Qxe8 21. Be7 Nbd7 22. Qa3 Bd3 23. Ne3 Ne4 24. c4 dxc4 25. Nxc4 Bxc4 26. Bxe4 Nb6 27. Bg2 Nd5 28. Bh4 a6 29. Qd6 Bxa2 30. Bg3 Bc4 31. h4 h6 32. g5 hxg5 33. hxg5 Ne7 34. Bh3 Ng6 35. Bd7 Qd8 36. f4 Be6 37. f5 Qxd7 38. Qb8+ Qc8 39. fxe6 Qxb8 40. exf7+ Kxf7 41. Bxb8 Ne7 42. Kf2 Nf5 43. Kf3 Nxd4+ 44. Ke4 Ne6 45. Ke5 Nxg5 46. Kd6 Ne6 0-1


[Site "https://www.chess.com"]

[Event "Titled Tuesday Blitz November 16 2021"]
[White "Federzoni, Enzo"]
[Black "Yoo, Christopher Woojin"]
[WhiteFideId "2173301"]
[BlackFideId "30909694"]
[WhiteElo "1956"]
[BlackElo "2105"]
[Result "1/2-1/2"]
[Round "01"]
[TimeControl "180+1"]
[Date "2021.11.16"]
[WhiteClock "0:00:43"]
[BlackClock "0:00:03"]

1. e4 e5 2. Nf3 Nc6 3. d4 exd4 4. Nxd4 Qf6 5. Nxc6 Bc5 6. Qf3 bxc6 7. Nd2 d6 8. Nb3 Qxf3 9. gxf3 Bb6 10. a4 a5 11. Be3 Bxe3 12. fxe3 c5 13. Rg1 g6 14. e5 Be6 15. exd6 cxd6 16. O-O-O Ke7 17. Bb5 Nf6 18. e4 Rhc8 19. Rge1 Nh5 20. h4 Nf4 21. Rd2 h6 22. Red1 Rd8 23. Bc6 Ra6 24. Bb5 Raa8 25. Bc6 Ra7 26. Nxc5 Rc7 27. Nxe6 fxe6 28. Bb5 e5 29. b3 Ne6 30. Bc4 Nd4 31. f4 Rf8 32. fxe5 dxe5 33. c3 Rxc4 34. bxc4 Nb3+ 35. Kc2 Nxd2 36. Rxd2 Rf4 37. Rd5 Rxe4 38. Rxa5 Rxc4 39. Rxe5+ Kd6 40. Ra5 Rxh4 41. Ra6+ Ke5 42. Rxg6 Rxa4 43. Rxh6 Ra8 44. Kd3 Rd8+ 45. Kc2 Rc8 46. Kd3 Rd8+ 47. Ke3 Rc8 48. Rh5+ Kd6 49. Kd4 Rg8 50. Rh7 Rg4+ 51. Kd3 Rg3+ 52. Kc4 Rf3 53. Kb4 Rf1 54. c4 Rb1+ 55. Kc3 Rc1+ 56. Kb3 Rb1+ 57. Kc2 Rg1 58. Rh5 Rg3 59. Rd5+ Kc6 60. Rd3 Rg1 61. Kc3 Rf1 62. Rh3 Rf4 63. Rd3 Kc5 64. Rd5+ Kc6 65. Rh5 Rf1 66. Rh2 Kc5 67. Rh5+ Kc6 68. Rh6+ Kc5 69. Rh5+ Kd6 70. Rh6+ Kc7 71. Kb4 Rf5 72. c5 Rf1 73. Kb5 Rb1+ 74. Kc4 Rc1+ 75. Kd5 Rd1+ 76. Kc4 Rb1 77. Kd5 Rd1+ 78. Kc4 Rg1 79. Kb5 Rb1+ 80. Kc4 Ra1 81. Kd5 Rd1+ 1/2-1/2


[Site "https://www.chess.com"]

[Event "Titled Tuesday Blitz November 16 2021"]
[White "Girya, Olga"]
[Black "Megaranto, Susanto"]
[WhiteFideId "4195752"]
[BlackFideId "7101384"]
[WhiteElo "2258"]
[BlackElo "2644"]
[Result "1-0"]
[Round "01"]
[TimeControl "180+1"]
[Date "2021.11.16"]
[WhiteClock "0:00:27"]
[BlackClock "0:00:09"]

1. d4 Nf6 2. Nf3 e6 3. c4 Bb4+ 4. Bd2 a5 5. a3 Bxd2+ 6. Qxd2 b6 7. Nc3 Bb7 8. e3 d6 9. Bd3 Nbd7 10. e4 e5 11. O-O O-O 12. Rfe1 Re8 13. Rad1 h6 14. Bc2 Qe7 15. Nd5 Qd8 16. Nxf6+ Qxf6 17. Ba4 c6 18. dxe5 Nxe5 19. Nxe5 dxe5 20. Qe3 Ba6 21. Qxb6 Bxc4 22. Qxc6 Rec8 23. Qxf6 gxf6 24. Rd2 Rab8 25. Rc1 Be6 26. Rxc8+ Rxc8 27. f3 Rc1+ 28. Kf2 Kg7 29. Rc2 Rb1 30. Ke3 f5 31. exf5 Bxf5 32. Re2 f6 33. Bb3 h5 34. g3 Kg6 35. Bd5 Kg5 36. h4+ Kh6 37. Rd2 Bg6 38. f4 e4 39. f5 Bxf5 40. Rf2 Bg6 41. Rxf6 Re1+ 42. Kf2 1-0


[Site "https://www.chess.com"]

[Event "Titled Tuesday Blitz November 16 2021"]
[White "Guliev, Logman"]
[Black "Zierk, Steven"]
[WhiteFideId "13400061"]
[BlackFideId "2034255"]
[WhiteElo "2128"]
[BlackElo "2494"]
[Result "0-1"]
[Round "01"]
[TimeControl "180+1"]
[Date "2021.11.16"]
[WhiteClock "0:00:30"]
[BlackClock "0:01:25"]

1. e4 e6 2. d4 d5 3. Nc3 Bb4 4. e5 c5 5. a3 Bxc3+ 6. bxc3 Qa5 7. Bd2 Qa4 8. Nf3 b6 9. Bd3 Ba6 10. Qe2 c4 11. O-O cxd3 12. cxd3 Ne7 13. Rab1 Nd7 14. Rb4 Qc6 15. c4 O-O 16. Rc1 Rfc8 17. h4 dxc4 18. dxc4 Nd5 19. Ng5 h6 20. Nxf7 Kxf7 21. Qh5+ Kg8 22. cxd5 Qxd5 23. Re1 Bb7 24. Qg4 Kh8 25. Re3 Rg8 26. Rg3 Nxe5 27. dxe5 Qxd2 28. Rd4 Qe1+ 29. Kh2 Bd5 30. Rf4 Qxe5 31. Rf7 Raf8 32. f4 Qd4 33. Rd7 Rxf4 0-1


[Site "https://www.chess.com"]

[Event "Titled Tuesday Blitz November 16 2021"]
[White "Kamsky, Gata"]
[Black "Kuegel, Tobias"]
[WhiteFideId "2000024"]
[BlackFideId "4636295"]
[WhiteElo "2645"]
[BlackElo "2213"]
[Result "1/2-1/2"]
[Round "01"]
[TimeControl "180+1"]
[Date "2021.11.16"]
[WhiteClock "0:02:33"]
[BlackClock "0:01:14"]

1. e4 e5 2. Nf3 Nc6 3. Bb5 a6 4. Ba4 Nf6 5. O-O Be7 6. Re1 b5 7. Bb3 O-O 8. c3 d5 9. d4 dxe4 10. Nxe5 Nxe5 11. dxe5 Qxd1 12. Bxd1 Ng4 13. Rxe4 Rd8 14. Bf3 Bb7 15. Rd4 Bxf3 16. gxf3 Nxe5 1/2-1/2


[Site "https://www.chess.com"]

[Event "Titled Tuesday Blitz November 16 2021"]
[White "Kollars, Dmitrij"]
[Black "Poliannikov, Danila"]
[WhiteFideId "12909572"]
[BlackFideId "30935245"]
[WhiteElo "2584"]
[BlackElo "2493"]
[Result "1-0"]
[Round "01"]
[TimeControl "180+1"]
[Date "2021.11.16"]
[WhiteClock "0:01:11"]
[BlackClock "0:00:07"]

1. d4 Nf6 2. Nf3 e6 3. c4 d5 4. g3 Bb4+ 5. Bd2 Be7 6. Bg2 O-O 7. Qc2 c6 8. O-O Nbd7 9. Rd1 b6 10. Bf4 Bb7 11. Nbd2 Rc8 12. Rac1 c5 13. dxc5 Nxc5 14. Qb1 Qe8 15. Ne5 dxc4 16. Bxb7 Nxb7 17. Ndxc4 Nd5 18. Bd2 b5 19. Ne3 Nxe3 20. Bxe3 Rxc1 21. Qxc1 Qc8 22. Qxc8 Rxc8 23. Rd7 Bf6 24. Rxb7 Bxe5 25. Rxb5 Bb8 26. b4 h6 27. a4 Kf8 28. Rb7 a6 29. Rb6 Ba7 30. Rxa6 Bxe3 31. fxe3 Rc3 32. Kf2 Ke7 33. b5 Kf6 34. b6 Rb3 35. a5 Ke5 36. Ra7 f5 37. b7 Kd6 38. a6 Kc7 39. Ra8 1-0


[Site "https://www.chess.com"]

[Event "Titled Tuesday Blitz November 16 2021"]
[White "Lagunow, Raphael"]
[Black "Sviridov, Valery"]
[WhiteFideId "24652644"]
[BlackFideId "4120680"]
[WhiteElo "2400"]
[BlackElo "2454"]
[Result "1/2-1/2"]
[Round "01"]
[TimeControl "180+1"]
[Date "2021.11.16"]
[WhiteClock "0:00:07"]
[BlackClock "0:00:09"]

1. e4 Nf6 2. e5 Nd5 3. d4 d6 4. Nf3 dxe5 5. Nxe5 c6 6. Bc4 Nd7 7. O-O Nxe5 8. dxe5 Bf5 9. Qe2 e6 10. Rd1 Qc7 11. a3 Be7 12. Bd3 Bxd3 13. Rxd3 O-O 14. c4 Nb6 15. Rg3 g6 16. Nc3 Rfd8 17. Bh6 Nd7 18. Re1 Nc5 19. b4 Nb3 20. Bg5 Nd4 21. Qe4 Bxg5 22. Rxg5 Nf5 23. c5 Rd4 24. Qe2 Rad8 25. g3 Rd2 26. Qg4 R8d4 27. Qh3 a5 28. Rg4 R4d3 29. Ne4 Qxe5 30. Qf1 Qb2 31. Nxd2 Rxd2 32. bxa5 Nd4 33. Rf4 Ne2+ 34. Rxe2 Rxe2 35. Kg2 Qd2 36. Rb4 Qd5+ 37. Kg1 Rd2 38. Rb1 Qxc5 39. Rxb7 Qxa5 40. Qe1 Qd5 41. Rb8+ Kg7 42. Qa1+ e5 43. Rb1 c5 44. Re1 Qd4 45. Qxd4 exd4 46. Rc1 Ra2 47. Rxc5 Rxa3 48. Rd5 Ra4 49. Kg2 Kf6 50. Kf3 Ke6 51. Rd8 h5 52. h4 Ke5 53. Re8+ Kd5 54. Rc8 f5 55. Rg8 Kc4 56. Rxg6 Kc3 57. Rc6+ Rc4 58. Rf6 d3 59. Rxf5 Rd4 60. Rc5+ Kb4 61. Rc1 d2 62. Rd1 Kc3 63. Ke3 Rd8 64. f3 Re8+ 65. Kf4 Kc2 66. Rxd2+ Kxd2 67. g4 Rf8+ 68. Kg5 hxg4 69. fxg4 Rg8+ 70. Kf5 Ke3 71. h5 Rf8+ 72. Kg6 Kf4 73. h6 Rg8+ 74. Kf7 Rxg4 75. h7 Rh4 76. Kg7 Rxh7+ 77. Kxh7 1/2-1/2


[Site "https://www.chess.com"]

[Event "Titled Tuesday Blitz November 16 2021"]
[White "Le, Tuan Minh"]
[Black "Demin, Vladimir"]
[WhiteFideId "12401153"]
[BlackFideId "4167457"]
[WhiteElo "2450"]
[BlackElo "2502"]
[Result "1-0"]
[Round "01"]
[TimeControl "180+1"]
[Date "2021.11.16"]
[WhiteClock "0:00:46"]
[BlackClock "0:00:02"]

1. d4 Nf6 2. Nf3 d5 3. Bf4 c5 4. c3 Nc6 5. e3 Qb6 6. Qc2 g6 7. Nbd2 cxd4 8. exd4 Bf5 9. Qb3 Qxb3 10. axb3 Bg7 11. b4 O-O 12. b5 Nd8 13. Be2 Ne6 14. Be5 Ne4 15. Bxg7 Kxg7 16. g3 Nxd2 17. Nxd2 Nc7 18. Ra3 Bd7 19. Rb3 Rfe8 20. f4 b6 21. O-O f6 22. Ra1 e5 23. fxe5 fxe5 24. dxe5 Rxe5 25. Bf1 Re7 26. Nf3 Ne6 27. Rba3 Be8 28. Ra6 Kf6 29. Rxb6 axb6 30. Rxa8 Nc5 31. Rb8 Nd7 32. Rb7 Ke6 33. Rc7 Nc5 34. Rc8 Bd7 35. Rb8 Na4 36. b3 Nxc3 37. Rxb6+ Kf5 38. Bd3+ Kg4 39. Kg2 Re3 40. Rf6 Rxd3 41. Rf4+ Kh5 42. Rh4# 1-0


[Site "https://www.chess.com"]

[Event "Titled Tuesday Blitz November 16 2021"]
[White "Martin Carmona, Gaston Manuel"]
[Black "Tari, Aryan"]
[WhiteFideId "22284567"]
[BlackFideId "1510045"]
[WhiteElo "2161"]
[BlackElo "2656"]
[Result "0-1"]
[Round "01"]
[TimeControl "180+1"]
[Date "2021.11.16"]
[WhiteClock "0:00:35"]
[BlackClock "0:01:39"]

1. d4 d5 2. c4 c6 3. Nf3 Nf6 4. e3 g6 5. Nc3 Bg7 6. Be2 O-O 7. O-O a6 8. a4 Bg4 9. cxd5 cxd5 10. Qb3 Nc6 11. Qxb7 Na5 12. Qb4 Rb8 13. Qa3 Nb3 14. Ra2 Ne4 15. Bxa6 Bxf3 16. gxf3 Ned2 17. Bxd2 Nxd2 18. Kg2 e5 19. dxe5 Qg5+ 20. Kh1 Nxf3 21. Be2 Qh5 22. Bxf3 Qxf3+ 23. Kg1 Bxe5 24. Qe7 Rfe8 25. Qh4 g5 26. Qh6 Re6 0-1


[Site "https://www.chess.com"]

[Event "Titled Tuesday Blitz November 16 2021"]
[White "Martinez Alcantara, Jose Eduardo"]
[Black "SouS007"]
[WhiteFideId "3805662"]
[WhiteElo "2690"]
[BlackElo "2506"]
[Result "1-0"]
[Round "01"]
[TimeControl "180+1"]
[Date "2021.11.16"]
[WhiteClock "0:01:15"]
[BlackClock "0:00:57"]

1. e4 e5 2. Nf3 Nc6 3. Bb5 a6 4. Ba4 Nf6 5. d3 b5 6. Bb3 Be7 7. a4 Bb7 8. O-O O-O 9. c3 d5 10. Nbd2 dxe4 11. dxe4 Re8 12. Bxf7+ Kxf7 13. Qb3+ Kg6 14. Nh4+ Kh5 15. Qf7+ g6 16. Ndf3 Rf8 17. Nf5 Rxf7 18. Ng3+ Kg4 19. h3# 1-0


[Site "https://www.chess.com"]

[Event "Titled Tuesday Blitz November 16 2021"]
[White "Mickiewicz, Piotr"]
[Black "Andreikin, Dmitry"]
[WhiteFideId "1114891"]
[BlackFideId "4158814"]
[WhiteElo "2251"]
[BlackElo "2736"]
[Result "0-1"]
[Round "01"]
[TimeControl "180+1"]
[Date "2021.11.16"]
[WhiteClock "0:00:01"]
[BlackClock "0:00:18"]

1. Nf3 Nf6 2. g3 d5 3. Bg2 h5 4. O-O h4 5. c4 hxg3 6. fxg3 Bh3 7. Qb3 Bxg2 8. Kxg2 Qc8 9. cxd5 Qh3+ 10. Kg1 Nbd7 11. d4 Ng4 12. Qxb7 Rb8 13. Qxc7 Nxh2 14. Nbd2 Nxf1 15. Nxf1 g6 16. Bf4 Bg7 17. d6 O-O 18. dxe7 Rfe8 19. Ng5 Qf5 20. e4 Bxd4+ 21. Kh1 Qg4 22. Nh2 Qe2 23. Qxd7 Qxb2 24. Rd1 Be5 25. Qd5 Rxe7 26. Nhf3 Bxf4 27. gxf4 Kg7 28. Qd4+ f6 29. Qxb2 Rxb2 30. Nh3 Rxe4 31. Rd7+ Kh6 32. Rd2 Rxd2 33. Nxd2 Re2 34. Nf3 Rxa2 35. Kg1 a5 36. Nf2 a4 37. Nd4 a3 38. f5 Ra1+ 39. Kg2 a2 40. Ng4+ Kg5 41. Nf3+ Kxg4 42. fxg6 Rb1 43. g7 Rb2+ 0-1


[Site "https://www.chess.com"]

[Event "Titled Tuesday Blitz November 16 2021"]
[White "Mortazavi, Ali"]
[Black "Bortnyk, Olexandr"]
[WhiteFideId "401323"]
[BlackFideId "14120828"]
[WhiteElo "2339"]
[BlackElo "2723"]
[Result "0-1"]
[Round "01"]
[TimeControl "180+1"]
[Date "2021.11.16"]
[WhiteClock "0:00:07"]
[BlackClock "0:00:05"]

1. Nf3 Nf6 2. g3 d5 3. Bg2 Bf5 4. O-O e6 5. d3 Be7 6. c4 c6 7. Be3 O-O 8. Qb3 b6 9. Nc3 h6 10. Rac1 Bh7 11. cxd5 cxd5 12. Nb5 Na6 13. Ne5 Bc5 14. d4 Bd6 15. Qa4 Nc5 16. Qd1 Bxe5 17. dxe5 Ng4 18. Bd4 h5 19. f3 Nh6 20. b4 Nd7 21. Bb2 Nf5 22. e4 Ne3 23. Qe2 Nxf1 24. Rxf1 dxe4 25. fxe4 Qg5 26. Qf2 a5 27. h4 Qe7 28. bxa5 Rxa5 29. a4 Rxa4 30. Nd6 Bg6 31. Qe1 Rfa8 32. Qc3 R4a5 33. Nc4 Qc5+ 34. Kh2 Ra2 35. Qc1 b5 36. Nd6 Qxc1 37. Bxc1 Nxe5 38. Bf4 Ng4+ 39. Kh3 Re2 40. e5 Raa2 41. Rc1 Rxg2 42. Rc8+ Kh7 0-1


[Site "https://www.chess.com"]

[Event "Titled Tuesday Blitz November 16 2021"]
[White "Mostbauer, Maximilian"]
[Black "Pour Agha Bala, Amirreza"]
[WhiteFideId "1626680"]
[BlackFideId "12572896"]
[WhiteElo "2188"]
[BlackElo "2313"]
[Result "1/2-1/2"]
[Round "01"]
[TimeControl "180+1"]
[Date "2021.11.16"]
[WhiteClock "0:01:03"]
[BlackClock "0:01:01"]

1. d4 d5 2. Nf3 c6 3. g3 Nf6 4. Bg2 Bf5 5. O-O h6 6. b3 e6 7. Bb2 Nbd7 8. Nbd2 Be7 9. c4 O-O 10. Ne5 Nxe5 11. dxe5 Ne4 12. Nxe4 dxe4 13. e3 Qc7 14. Qc2 Rad8 15. Rad1 Rxd1 16. Rxd1 Bg4 17. Rd2 Bf3 18. Bxf3 exf3 19. Qe4 Rd8 20. Rd4 c5 21. Rxd8+ Qxd8 22. Qxf3 Qd2 23. Qxb7 Bf8 24. Ba3 Qxa2 25. Qxa7 Qxb3 26. Bxc5 Qb1+ 27. Kg2 Qe4+ 28. Kg1 Qb1+ 29. Kg2 Qe4+ 30. Kg1 Qxc4 31. Bxf8 Kxf8 32. Qb8+ Ke7 33. Qd6+ Ke8 34. Qb8+ Ke7 35. Qd6+ Ke8 36. Qd4 Qc6 37. h4 Qf3 38. Qa4+ Kf8 39. Qb4+ Kg8 40. Qf4 Qd1+ 41. Kg2 Qd5+ 42. e4 Qd4 43. g4 Qd1 44. g5 h5 45. Qf3 Qd4 46. Qf4 g6 47. Kg3 Qc3+ 48. Kg2 Qd4 49. Kg3 Qc3+ 50. Kg2 Qd4 1/2-1/2


[Site "https://www.chess.com"]

[Event "Titled Tuesday Blitz November 16 2021"]
[White "Nesterov, Arseniy"]
[Black "Coto Mederos, Michel"]
[WhiteFideId "24198455"]
[BlackFideId "3508528"]
[WhiteElo "2489"]
[BlackElo "2427"]
[Result "1-0"]
[Round "01"]
[TimeControl "180+1"]
[Date "2021.11.16"]
[WhiteClock "0:00:25"]
[BlackClock "0:00:03"]

1. d4 d5 2. c4 e6 3. Nf3 Nf6 4. Nc3 Be7 5. Bg5 h6 6. Bh4 O-O 7. e3 b6 8. Be2 Bb7 9. Bxf6 Bxf6 10. cxd5 exd5 11. b4 c5 12. bxc5 bxc5 13. Rb1 Bc6 14. O-O Nd7 15. Bb5 Qc7 16. Qd3 c4 17. Qc2 Rab8 18. Bxc6 Qxc6 19. Qf5 Nb6 20. Rb5 g6 21. Qc2 Rfe8 22. Rfb1 Red8 23. g3 Kg7 24. a4 Rbc8 25. a5 Na8 26. Rc5 Qe6 27. Rxc8 Rxc8 28. Kg2 a6 29. Rb7 Bd8 30. Ne5 Rc7 31. Rb8 Rc8 32. Rxc8 Qxc8 33. Nxd5 Qb7 34. Qxc4 Bxa5 35. e4 Nb6 36. Qb3 Qb8 37. Nc6 Qe8 38. Ne5 Nxd5 39. Qxd5 Bc7 40. Nc4 a5 41. e5 a4 42. Qc5 Bd8 43. d5 Qd7 44. d6 Qb7+ 45. Kg1 Qa8 46. h4 h5 47. d7 Qb7 48. Qc8 Qb1+ 49. Kg2 Qc2 50. Qxd8 Qe4+ 51. Kg1 Qe1+ 52. Kg2 Qe4+ 53. Kh2 Qxc4 54. Qf6+ Kh7 55. d8=Q a3 56. Qdh8# 1-0


[Site "https://www.chess.com"]